AoeStats
← waltwhite

Oasis

510209549Analyzed
4v4 RM · 3d ago on Sep 30, 2026· 148m 2s· 8 players
Game mode
Random Map
Map size
Large (8 player)
Population
200
Speed
Normal
Resources
Standard
Victory
Conquest
Starting age
Dark Age
Ending age
Imperial Age
RankedLock teamsTeams togetherTeam positionsShared explorationLock speedFull tech treeHidden civsTurbo modeCheats
Victory
Defeat
🇺🇸 Poles · United States
639
+12
🇨🇱 Romans · Chile
608
+13
🇧🇷 Hindustanis · Brazil
505
+17
🇨🇴 Ethiopians · Colombia
477
+18
🇲🇽 Huns · Mexico
580
-17
🇺🇸 Mongols · United States
535
-15
🇺🇸 Danes · United States
514
-14
🇺🇸 Vikings · United States
512
-14
non-offensive-name
2:02 Loom
18:08 Feudal Age
19:38 Wheelbarrow
18:47 Horse Collar
18:56 Double-Bit Axe
19:08 Stone Mining
19:08 Gold Mining
20:23 Town Watch
25:56 Forging
25:46 Scale Mail Armor
25:53 Scale Barding Armor
28:09 Padded Archer Armor
29:17 Fletching
29:26 Man-at-Arms
37:42 Castle Age
38:26 Bloodlines
38:26 Arson
39:59 Husbandry
39:21 Light Cavalry
42:57 Heavy Plow
44:59 Chain Barding Armor
45:15 Iron Casting
47:47 Hand Cart
47:57 Bow Saw
47:49 Town Patrol
49:07 Ballistics
49:28 Nomads
52:13 Fortified Wall
52:14 Masonry
52:00 Murder Holes
51:56 Guard Tower
52:25 Leather Archer Armor
52:26 Chain Mail Armor
52:14 Bodkin Arrow
53:00 Stone Shaft Mining
53:01 Gold Shaft Mining
52:28 Pikeman
52:28 Long Swordsman
53:20 Thumb Ring
52:36 Crossbowman
52:37 Elite Skirmisher
56:32 Imperial Age
54:12 Caravan
54:43 Coinage
56:51 Onager
57:50 Elite Mangudai
58:56 Conscription
57:59 Heavy Camel Rider
58:03 Two-Handed Swordsman
58:44 Squires
59:12 Parthian Tactics
58:08 Arbalester
58:13 Hussar
59:16 Drill
60:29 Blast Furnace
60:00 Plate Mail Armor
59:30 Bracer
60:34 Chemistry
59:29 Champion
66:51 Cavalier
66:52 Elite Steppe Lancer
69:12 Siege Engineers
70:08 Hoardings
70:41 Siege Onager
70:43 Heavy Scorpion
77:44 Capped Ram
87:10 Sappers
100:40 Coinage
109:16 Banking
Kayak
13:02 Feudal Age
14:22 Wheelbarrow
13:30 Horse Collar
13:38 Double-Bit Axe
13:45 Gold Mining
13:45 Stone Mining
16:11 Arson
21:48 Castle Age
22:54 Bow Saw
22:47 Heavy Plow
23:49 Squires
23:35 Gambesons
24:22 Forging
24:12 Scale Mail Armor
27:23 Iron Casting
27:04 Chain Mail Armor
30:51 Hand Cart
31:13 Hamask
33:43 Gold Shaft Mining
41:19 Imperial Age
41:22 Elite Jomsviking
43:59 Blast Furnace
43:30 Plate Mail Armor
46:44 Conscription
46:03 Elite Varangian Guard
51:57 Elite Skirmisher
52:44 Thumb Ring
52:44 Fletching
52:54 Padded Archer Armor
54:52 Ballistics
62:33 Bodkin Arrow
62:54 Leather Archer Armor
86:37 Pikeman
87:23 Halberdier
waltwhite
3:46 Loom
19:42 Feudal Age
45:20 Castle Age
43:34 Scale Barding Armor
43:30 Padded Archer Armor
43:30 Scale Mail Armor
43:21 Fletching
43:41 Forging
45:21 Forging
56:40 Light Cavalry
63:19 Pikeman
64:01 Squires
63:22 Man-at-Arms
75:13 Long Swordsman
79:40 Elite Skirmisher
85:13 Crossbowman
86:18 Town Watch
Marco 1985 MÉXICO City
4:05 Loom
13:46 Feudal Age
15:35 Wheelbarrow
14:44 Horse Collar
14:51 Double-Bit Axe
21:00 Town Watch
21:31 Bloodlines
21:22 Gold Mining
30:29 Castle Age
29:56 Scale Mail Armor
34:18 Husbandry
33:40 Light Cavalry
34:28 Scale Barding Armor
36:17 Hand Cart
38:09 Gold Shaft Mining
38:01 Chain Barding Armor
37:57 Chain Mail Armor
37:52 Forging
37:43 Fletching
37:53 Padded Archer Armor
38:50 Stone Mining
40:53 Town Patrol
40:59 Town Patrol
46:57 Imperial Age
45:57 Forging
46:02 Chain Mail Armor
49:57 Sappers
59:38 Plate Barding Armor
58:57 Fletching
59:53 Plate Barding Armor
69:44 Caravan
70:01 Guilds
70:17 Heavy Plow
70:31 Bow Saw
71:44 Hussar
71:46 Cavalier
74:22 Two-Man Saw
74:11 Plate Barding Armor
73:29 Paladin
77:57 Bodkin Arrow
82:42 Bracer
86:27 Squires
85:48 Pikeman
86:55 Halberdier
88:12 Iron Casting
121:20 Illumination
121:44 Illumination
127:28 Illumination
132:46 Atheism
132:53 Marauders
132:15 Elite Tarkan
132:42 Sappers
lothal
0:32 Loom
16:52 Feudal Age
17:27 Double-Bit Axe
19:31 Man-at-Arms
25:41 Scale Mail Armor
30:30 Castle Age
29:28 Horse Collar
32:13 Town Watch
34:56 Bow Saw
36:12 Squires
35:32 Long Swordsman
39:20 Chain Mail Armor
39:17 Forging
48:14 Imperial Age
46:20 Wheelbarrow
45:39 Gold Mining
46:02 Fortified Wall
47:10 Caravan
48:51 Gold Shaft Mining
48:06 Stone Mining
49:50 Legionary
49:54 Pikeman
50:36 Heavy Plow
50:25 Heavy Scorpion
50:25 Capped Ram
52:48 Siege Ram
55:11 Ballistics
55:52 Chemistry
56:14 Town Patrol
56:25 Siege Engineers
57:48 Iron Casting
57:19 Scale Barding Armor
57:52 Conscription
57:37 Ballistas
57:53 Comitatenses
64:48 Masonry
67:32 Crop Rotation
68:07 Blast Furnace
67:27 Chain Barding Armor
72:04 Plate Barding Armor
76:55 Bloodlines
76:46 Husbandry
76:07 Light Cavalry
81:48 Coinage
81:28 Guilds
83:21 Elite Centurion
89:10 Banking
92:23 Halberdier
114:58 Hand Cart
124:26 Sappers
128:08 Cavalier
129:20 Architecture
128:47 Murder Holes
Icaubi
12:30 Feudal Age
18:59 Castle Age
21:17 Squires
21:54 Husbandry
25:17 Bloodlines
27:27 Pikeman
33:09 Grand Trunk Road
32:58 Horse Collar
40:20 Imperial Age
42:08 Wheelbarrow
41:16 Siege Elephant
42:33 Heavy Plow
43:26 Heavy Camel Rider
46:28 Chemistry
45:37 Double-Bit Axe
50:02 Elite Ghulam
52:45 Gold Mining
54:54 Bow Saw
55:28 Hand Cart
59:24 Shatagni
62:19 Imperial Camel Rider
mig8at
20:55 Feudal Age
21:01 Man-at-Arms
21:28 Arson
25:06 Horse Collar
26:06 Wheelbarrow
29:42 Castle Age
27:55 Double-Bit Axe
28:56 Forging
33:41 Wheelbarrow
32:52 Town Watch
35:07 Iron Casting
34:33 Scale Mail Armor
35:44 Husbandry
35:05 Light Cavalry
36:20 Gold Mining
36:20 Stone Mining
38:16 Padded Archer Armor
38:07 Fletching
38:34 Chain Mail Armor
40:42 Caravan
40:37 Elite Skirmisher
40:38 Crossbowman
42:31 Leather Archer Armor
44:33 Thumb Ring
51:29 Imperial Age
49:15 Hand Cart
49:00 Town Patrol
51:35 Bodkin Arrow
52:41 Ring Archer Armor
53:16 Bracer
54:17 Blast Furnace
55:42 Heated Shot
56:13 Ballistics
56:54 Chemistry
55:46 Guard Tower
56:05 Siege Engineers
56:20 Arbalester
58:01 Conscription
62:33 Elite Shotel Warrior
67:25 Capped Ram
77:28 Plate Mail Armor
128:42 Siege Ram
131:06 Bow Saw
OrbitalKarma401
0:29 Loom
14:20 Feudal Age
15:51 Double-Bit Axe
18:53 Bloodlines
22:10 Scale Barding Armor
25:04 Castle Age
25:15 Forging
29:33 Stone Mining
29:29 Light Cavalry
30:10 Husbandry
31:37 Chain Barding Armor
39:56 Bow Saw
40:13 Gold Mining
40:59 Stone Shaft Mining
Connection lost

Rejoining the realm…

Still unreachable

The connection could not be restored.

Session expired

The server has moved on; the page needs a fresh start.